SNL (28 & UNDER)
WICHITA WRANGLERS @ MONTGOMERY BISCUITS
04/29/2026
 
TOP OF THE 1ST
Wichita Wranglers batting - Pitching for Montgomery Biscuits : RHP Jeffrey Stephens
Pitching: RHP Jeffrey Stephens
Batting: LHB Bill Frazier 0-0: Called Strike
0-1: Ball
1-1: Ball
2-1: Foul Ball, location: 2F
2-2: Fly out, F7 (Flyball, 7M)
Batting: SHB Giancarlo Giannini 0-0: Ball
1-0: Called Strike
1-1: Called Strike
1-2: Foul Ball, location: 2F
1-2: Ground out 4-3 (Groundball, 4)
Batting: RHB Don Thomas 0-0: Ball
1-0: Ball
2-0: Swinging Strike
2-1: Foul Ball, location: 2F
2-2: Strikes out swinging
Top of the 1st over - 0 run(s), 0 hit(s), 0 error(s), 0 left on base; Wichita 0 - Montgomery 0
BOTTOM OF THE 1ST
Montgomery Biscuits batting - Pitching for Wichita Wranglers : LHP Craig Sturdy
Pitching: LHP Craig Sturdy
Batting: RHB Carlos Vásquez 0-0: Ball
1-0: Foul Ball, location: 2F
1-1: Ball
2-1: Foul Ball, location: 2F
Reached via error on a dropped throw, E3
Batting: RHB Warren Martin 0-0: Ball
1-0: Fly out, F3 (Popup, 3DF)
Batting: RHB Yujiro Kurihara 0-0: Ball
Wild Pitch!
Carlos Vásquez to second
1-0: Ball
2-0: Called Strike
2-1: Called Strike
2-2: SINGLE (Line Drive, 4MD)
Carlos Vásquez to third
Runner from 3rd tries for Home, SAFE, no throw or cutoff
Batting: RHB Pete Smith 0-0: Called Strike
0-1: Ball
1-1: Called Strike
1-2: Ball
2-2: Foul Ball, location: 2F
2-2: Foul Ball, location: 2F
2-2: Strikes out swinging
Batting: RHB Juan Díaz 0-0: Ball
1-0: Foul Ball, location: 2F
1-1: Ball
2-1: Swinging Strike
2-2: Ball
3-2: Strikes out swinging
Bottom of the 1st over - 1 run(s), 1 hit(s), 1 error(s), 1 left on base; Wichita 0 - Montgomery 1
TOP OF THE 2ND
Wichita Wranglers batting - Pitching for Montgomery Biscuits : RHP Jeffrey Stephens
Batting: SHB Javier Peña 0-0: Called Strike
0-1: Foul Ball, location: 2F
0-2: Ball
1-2: Foul Ball, location: 2F
1-2: Ground out 1-3 (Groundball, 15)
Batting: RHB Ed Watkins 0-0: Swinging Strike
0-1: Called Strike
0-2: Ball
1-2: Ball
2-2: Strikes out swinging
Batting: LHB Alfredo Sánchez 0-0: Called Strike
0-1: Swinging Strike
0-2: Strikes out swinging
Top of the 2nd over - 0 run(s), 0 hit(s), 0 error(s), 0 left on base; Wichita 0 - Montgomery 1
BOTTOM OF THE 2ND
Montgomery Biscuits batting - Pitching for Wichita Wranglers : LHP Craig Sturdy
Batting: RHB Raúl Alejándrez 0-0: Called Strike
0-1: Ball
1-1: Ball
2-1: SINGLE (Line Drive, 56D)
Batting: RHB Peyton Yardley 0-0: Ball
1-0: SINGLE (Groundball, 6MD)
Raúl Alejándrez to second
Throwing error, E8
Raúl Alejándrez scores
Peyton Yardley to second
Batting: SHB Jack Estes 0-0: Ground out U3 (Groundball, 3L)
Peyton Yardley to third
Batting: LHB António Fernández 0-0: Swinging Strike
0-1: Ball
1-1: Ball
2-1: DOUBLE (Line Drive, 5D)
Peyton Yardley scores
Batting: RHB Carlos Vásquez 0-0: Ball
1-0: Ball
2-0: Called Strike
2-1: Foul Ball, location: 2F
2-2: Ball
3-2: Strikes out swinging
Batting: RHB Warren Martin 0-0: Ball
1-0: Ground out 4-3 (Groundball, 4)
Bottom of the 2nd over - 2 run(s), 3 hit(s), 1 error(s), 1 left on base; Wichita 0 - Montgomery 3
TOP OF THE 3RD
Wichita Wranglers batting - Pitching for Montgomery Biscuits : RHP Jeffrey Stephens
Batting: RHB Oliver Todd 0-0: Called Strike
0-1: Swinging Strike
0-2: Ball
1-2: Strikes out swinging
Batting: RHB Dave Henderson 0-0: Called Strike
0-1: Fly out, F8 (Flyball, 8RD)
Batting: RHB Ralph Lambert 0-0: Ball
1-0: Ball
2-0: Called Strike
2-1: Ground out 6-3 (Groundball, 6)
Top of the 3rd over - 0 run(s), 0 hit(s), 0 error(s), 0 left on base; Wichita 0 - Montgomery 3
BOTTOM OF THE 3RD
Montgomery Biscuits batting - Pitching for Wichita Wranglers : LHP Craig Sturdy
Batting: RHB Yujiro Kurihara 0-0: Called Strike
0-1: Ball
1-1: Swinging Strike
1-2: SINGLE (Groundball, 6M)
Batting: RHB Pete Smith 0-0: Ball
1-0: Called Strike
1-1: Swinging Strike
1-2: Foul Ball, location: 2F
1-2: Ball
2-2: Strikes out swinging
Batting: RHB Juan Díaz 0-0: Called Strike
0-1: Called Strike
0-2: Ball
1-2: Ball
2-2: Strikes out swinging
Batting: RHB Raúl Alejándrez 0-0: Called Strike
0-1: Ball
1-1: Called Strike
1-2: Strikes out looking
Bottom of the 3rd over - 0 run(s), 1 hit(s), 0 error(s), 1 left on base; Wichita 0 - Montgomery 3
TOP OF THE 4TH
Wichita Wranglers batting - Pitching for Montgomery Biscuits : RHP Jeffrey Stephens
Batting: LHB Bill Frazier 0-0: Ball
1-0: Foul Ball, location: 2F
1-1: Ball
2-1: Swinging Strike
2-2: Foul Ball, location: 2F
2-2: Strikes out swinging
Batting: SHB Giancarlo Giannini 0-0: Called Strike
0-1: Swinging Strike
0-2: Strikes out swinging
Batting: RHB Don Thomas 0-0: Called Strike
0-1: Foul Ball, location: 2F
0-2: Ball
1-2: Foul Ball, location: 2F
1-2: Ball
2-2: Fly out, F8 (Flyball, 8LM)
Top of the 4th over - 0 run(s), 0 hit(s), 0 error(s), 0 left on base; Wichita 0 - Montgomery 3
BOTTOM OF THE 4TH
Montgomery Biscuits batting - Pitching for Wichita Wranglers : LHP Craig Sturdy
Batting: RHB Peyton Yardley 0-0: Foul Ball, location: 2F
0-1: Ball
1-1: Foul Ball, location: 2F
1-2: Strikes out swinging
Batting: SHB Jack Estes 0-0: Called Strike
0-1: Ball
1-1: Ground out 6-3 (Groundball, 6)
Batting: LHB António Fernández 0-0: Foul Ball, location: 2F
0-1: Fly out, F8 (Flyball, 8RD)
Bottom of the 4th over - 0 run(s), 0 hit(s), 0 error(s), 0 left on base; Wichita 0 - Montgomery 3
TOP OF THE 5TH
Wichita Wranglers batting - Pitching for Montgomery Biscuits : RHP Jeffrey Stephens
Batting: SHB Javier Peña 0-0: Called Strike
0-1: Ball
1-1: Foul Ball, location: 2F
1-2: Ground out 4-3 (Groundball, 4S)
Batting: RHB Ed Watkins 0-0: Ball
1-0: Foul Ball, location: 2F
1-1: Foul Ball, location: 2F
1-2: Foul Ball, location: 2F
1-2: Ground out 6-3 (Groundball, 6)
Batting: LHB Alfredo Sánchez 0-0: Foul Ball, location: 2F
0-1: Foul Ball, location: 2F
0-2: Ground out 5-3 (Groundball, 5S)
Top of the 5th over - 0 run(s), 0 hit(s), 0 error(s), 0 left on base; Wichita 0 - Montgomery 3
BOTTOM OF THE 5TH
Montgomery Biscuits batting - Pitching for Wichita Wranglers : LHP Craig Sturdy
Batting: RHB Carlos Vásquez 0-0: Ground out 4-3 (Groundball, 4M)
Batting: RHB Warren Martin 0-0: Called Strike
0-1: Foul Ball, location: 2F
0-2: Ground out 5-3 (Groundball, 6S)
Batting: RHB Yujiro Kurihara 0-0: Foul Ball, location: 2F
0-1: Foul Ball, location: 2F
0-2: Ball
1-2: Ball
2-2: Ground out 5-3 (Groundball, 56S)
Bottom of the 5th over - 0 run(s), 0 hit(s), 0 error(s), 0 left on base; Wichita 0 - Montgomery 3
TOP OF THE 6TH
Wichita Wranglers batting - Pitching for Montgomery Biscuits : RHP Jeffrey Stephens
Batting: RHB Oliver Todd 0-0: Ball
1-0: Called Strike
1-1: Swinging Strike
1-2: Foul Ball, location: 2F
1-2: Ball
2-2: Strikes out swinging
Batting: RHB Dave Henderson 0-0: Ball
1-0: Foul Ball, location: 2F
1-1: Swinging Strike
1-2: Ball
2-2: Ball
3-2: Strikes out swinging
Batting: RHB Ralph Lambert 0-0: SINGLE (Line Drive, 7LS)
Batting: LHB Bill Frazier 0-0: Ball
1-0: Called Strike
1-1: Ball
2-1: Foul Ball, location: 2F
2-2: Strikes out swinging
Top of the 6th over - 0 run(s), 1 hit(s), 0 error(s), 1 left on base; Wichita 0 - Montgomery 3
BOTTOM OF THE 6TH
Montgomery Biscuits batting - Pitching for Wichita Wranglers : LHP Craig Sturdy
Batting: RHB Pete Smith 0-0: Called Strike
0-1: SINGLE (Groundball, 56D)
Batting: RHB Juan Díaz 0-0: Called Strike
0-1: Foul Ball, location: 2F
0-2: Foul Ball, location: 2F
0-2: Strikes out looking
Batting: RHB Raúl Alejándrez 0-0: Called Strike
0-1: Ground out 5-3 (Groundball, 5S)
Pete Smith to second
Batting: RHB Peyton Yardley 0-0: Foul Ball, location: 2F
0-1: Swinging Strike
0-2: TRIPLE (Line Drive, 8LXD)
Pete Smith scores
Pitching: LHP Tony Rivera
Batting: SHB Jack Estes 0-0: Hit by Pitch
Batting: LHB António Fernández 0-0: Swinging Strike
0-1: Foul Ball, location: 2F
0-2: Strikes out looking
Bottom of the 6th over - 1 run(s), 2 hit(s), 0 error(s), 2 left on base; Wichita 0 - Montgomery 4
TOP OF THE 7TH
Wichita Wranglers batting - Pitching for Montgomery Biscuits : RHP Jeffrey Stephens
Batting: SHB Giancarlo Giannini 0-0: Ball
1-0: Ball
2-0: Swinging Strike
2-1: Ball
3-1: Called Strike
3-2: Strikes out swinging
Batting: RHB Don Thomas 0-0: Ball
1-0: Ground out 4-3 (Groundball, 4)
Batting: SHB Javier Peña 0-0: SOLO HOME RUN (Line Drive, 89XD), Distance : 397 ft
Batting: RHB Ed Watkins 0-0: Called Strike
0-1: Ball
1-1: Foul Ball, location: 2F
1-2: Foul Ball, location: 2F
1-2: Ball
2-2: Ground out 5-3 (Groundball, 5)
Top of the 7th over - 1 run(s), 1 hit(s), 0 error(s), 0 left on base; Wichita 1 - Montgomery 4
BOTTOM OF THE 7TH
Montgomery Biscuits batting - Pitching for Wichita Wranglers : LHP Tony Rivera
Batting: RHB Carlos Vásquez 0-0: Ball
1-0: Fly out, F7 (Flyball, 78D)
Batting: RHB Warren Martin 0-0: Ball
1-0: Foul Ball, location: 2F
1-1: Ground out 6-3 (Groundball, 6M)
Batting: RHB Yujiro Kurihara 0-0: Ball
1-0: Ball
2-0: Ball
3-0: Base on Balls
Batting: RHB Pete Smith 0-0: Ball
1-0: Fly out, F9 (Line Drive, 89M)
Bottom of the 7th over - 0 run(s), 0 hit(s), 0 error(s), 1 left on base; Wichita 1 - Montgomery 4
TOP OF THE 8TH
Wichita Wranglers batting - Pitching for Montgomery Biscuits : RHP Jeffrey Stephens
Pitching: RHP Félix Andrade
Batting: LHB Alfredo Sánchez 0-0: Ball
1-0: Foul Ball, location: 2F
1-1: Foul Ball, location: 2F
1-2: Ball
2-2: Foul Ball, location: 2F
2-2: Strikes out swinging
Batting: RHB Oliver Todd 0-0: Ball
1-0: Ball
2-0: Foul Ball, location: 2F
2-1: Swinging Strike
2-2: Ball
3-2: Foul Ball, location: 2F
3-2: Ground out 5-3 (Groundball, 56)
Batting: RHB Dave Henderson 0-0: Called Strike
0-1: Fly out, F8 (Flyball, 8RM)
Top of the 8th over - 0 run(s), 0 hit(s), 0 error(s), 0 left on base; Wichita 1 - Montgomery 4
BOTTOM OF THE 8TH
Montgomery Biscuits batting - Pitching for Wichita Wranglers : LHP Tony Rivera
Batting: RHB Juan Díaz 0-0: Ground out 5-3 (Groundball, 56S)
Batting: RHB Raúl Alejándrez 0-0: Ball
1-0: Called Strike
1-1: Ball
2-1: Swinging Strike
2-2: Strikes out swinging
Batting: RHB Peyton Yardley 0-0: Foul Ball, location: 2F
0-1: Ball
1-1: Ball
2-1: Ball
3-1: Base on Balls
Batting: SHB Jack Estes 0-0: Called Strike
0-1: Ball
1-1: Called Strike
1-2: Ball
Peyton Yardley steals 2nd base
2-2: Ball
3-2: Base on Balls
Batting: LHB António Fernández 0-0: Fly out, F1 (Popup, 15S)
Bottom of the 8th over - 0 run(s), 0 hit(s), 0 error(s), 2 left on base; Wichita 1 - Montgomery 4
TOP OF THE 9TH
Wichita Wranglers batting - Pitching for Montgomery Biscuits : RHP Félix Andrade
Pitching: RHP Rick Grant
Now at 2B: Dave Williams
Batting: RHB Ralph Lambert 0-0: Ball
1-0: Called Strike
1-1: Swinging Strike
1-2: Ball
2-2: Foul Ball, location: 2F
2-2: Foul Ball, location: 2F
2-2: Foul Ball, location: 2F
2-2: Foul Ball, location: 2F
2-2: Strikes out swinging
Batting: LHB Bill Frazier 0-0: Called Strike
0-1: Foul Ball, location: 2F
0-2: Ball
1-2: Ball
2-2: Ground out U3 (Groundball, 3S)
Batting: SHB Giancarlo Giannini 0-0: Ball
1-0: Called Strike
1-1: Foul Ball, location: 2F
1-2: Strikes out looking
Top of the 9th over - 0 run(s), 0 hit(s), 0 error(s), 0 left on base; Wichita 1 - Montgomery 4
Monday, December 5th, 2016 - OOTP Baseball 17.12 Build 75